 Dungeon Crawl Stone Soup version 0.26-a0-682-g294304f6e8 (webtiles) character file.

Game seed: 2375116277958786263

153 dolemite99 the Vandal (level 5, -1/60 HPs)
             Began as a Minotaur Arcane Marksman on Oct 21, 2020.
             Slain by an adder (4 damage)
             ... on level 3 of the Dungeon.
             The game lasted 00:04:08 (2736 turns).

dolemite99 the Vandal (Minotaur Arcane Marksman)    Turns: 2736, Time: 00:04:09

Health: -1/60      AC: 13    Str: 16    XL:     5   Next: 12%
Magic:  5/5        EV:  4    Int: 10    God:
Gold:   212        SH:  0    Dex: 10    Spells: 5/6 levels left

rFire    . . .     SeeInvis .   (no weapon)
rCold    . . .     Faith    .   (no shield)
rNeg     . . .     Spirit   .   g - +0 plate armour (curse)
rPois    .         Reflect  .   (helmet restricted)
rElec    .         Harm     .   u - +0 cloak
rCorr    .         Rampage  .   c - +0 pair of gloves
MR       .....                  p - +0 pair of boots
Stlth    ..........             (no amulet)
HPRegen  0.20/turn              (no ring)
MPRegen  0.09/turn              (no ring)

@: berserking, stab, very quick
A: retaliatory headbutt, horns 2
a: no special abilities


You were on level 3 of the Dungeon.
You visited 1 branch of the dungeon, and saw 3 of its levels.

You collected 212 gold pieces.

Inventory:

Hand Weapons
 a - a +0 hunting sling
 t - a +0 war axe
Missiles
 d - 14 sling bullets
 h - 75 stones (quivered)
Armour
 b - a +0 leather armour
 c - a +0 pair of gloves (worn)
 e - a +0 robe
 f - a +0 ring mail
 g - a cursed +0 plate armour (worn)
 p - a +0 pair of boots (worn)
 u - a +0 cloak (worn)
Jewellery
 k - an uncursed ring of resist corrosion {unknown}
Scrolls
 i - 2 scrolls of enchant armour {unknown}
 l - a scroll of remove curse {unknown}
 n - 3 scrolls of identify {unknown}
 r - a scroll of enchant weapon {unknown}
 v - a scroll of random uselessness {unknown}
 w - a scroll of noise
Potions
 m - a potion of stabbing
 q - a potion of cancellation {unknown}
 s - a potion of brilliance {unknown}
 x - a potion of might {unknown}


   Skills:
 - Level 1.2 Fighting
 + Level 5.9 Slings
 - Level 2.1 Dodging
 - Level 1.0 Spellcasting
 - Level 2.0 Hexes


You had 5 spell levels left.
You knew the following spells:

 Your Spells              Type           Power        Failure   Level
a - Corona                Hex            #......      100%        1

Your spell library contained the following spells:

 Spells                   Type           Power        Failure   Level
 Slow                     Hex            #.......     100%        2
 Inner Flame              Hex/Fire       #.......     100%        3
 Portal Projectile        Hex/Tloc       #.....       100%        3
 Cause Fear               Hex            #.........   100%        4
 Leda's Liquefaction      Hex/Erth       #.........   100%        4


Dungeon Overview and Level Annotations

Branches:
Dungeon (3/15)

Altars:

Annotations:
D:2 Sigmund


Innate Abilities, Weirdness & Mutations

You reflexively headbutt those who attack you in melee.
You have a pair of horns on your head.


Message History

You are too berserk!
You are too berserk!
You are now empty-handed.
You feel a strong urge to attack something.
Really attack unarmed? [Y]es or [N]o only, please.
Really attack unarmed? [Y]es or [N]o only, please.
Really attack unarmed? [Y]es or [N]o only, please.
Really attack unarmed?
You barely miss the orc priest.
The orc priest is almost dead.
You punch the orc priest!
You kill the orc priest!
You have reached level 5!
You barely miss the adder. The adder bites you but does no damage.
You completely miss the adder. Your headbutt misses the adder.
The adder bites you.
You die...

.# #(. ###.# #....
( ....# #.#
#.#o##(. #.#S(( #.
#########g#(# ...
.......@So(.# ...
.. ###########(##.#
#.#. #.(..#..(.
#.##.#.#(
###.##...r
#####...##.#(#
.........##.#(##.##
######.#...........
#........g......#


You could see an adder, an orc and a goblin.

Vanquished Creatures
  An orc priest (D:3)
  3 adders (D:2)
  2 oozes
  A worm (D:3)
  3 dart slugs
  5 leopard geckos
  2 orcs (D:3)
  A ball python (D:2)
  2 giant cockroaches
  7 goblins
  8 hobgoblins
  6 jackals (D:1)
  7 kobolds
  A quokka (D:3)
  5 bats
  5 frilled lizards
  12 rats
71 creatures vanquished.

Notes
Turn   | Place    | Note
-------+----------+-------------------------------------------
     0 | D:1      | dolemite99 the Minotaur Arcane Marksman began the quest for
                  | the Orb.
     0 | D:1      | Reached XP level 1. HP: 16/16 MP: 1/1
   160 | D:1      | Reached skill level 3 in Slings
   160 | D:1      | Reached XP level 2. HP: 23/23 MP: 2/2
   631 | D:1      | Reached XP level 3. HP: 28/28 MP: 3/3
   682 | D:1      | Reached skill level 4 in Slings
  1570 | D:2      | Reached XP level 4. HP: 34/35 MP: 4/4
  1678 | D:2      | Reached skill level 5 in Slings
  2620 | D:2      | Noticed Sigmund
  2731 | D:3      | HP: 2/52 [orc priest/+0 mace (2)]
  2734 | D:3      | Reached XP level 5. HP: 2/40 MP: 5/5
  2736 | D:3      | Slain by an adder

Illustrated notes

Levels and vault maps discovered:
D:1:      kennysheep_arrival_seaside, layout_rooms, minmay_tetromino_i4
D:2:      kennysheep_six_static_rooms, layout_basic, uniq_sigmund
D:3:      layout_loops_ring, nicolae_overflow_quartered_altars, serial_glass,
          glass_columns_a, glass_columns_a, glass_columns_a, glass_columns_a,
          glass_columns_b, glass_columns_a, due_unseen_surprise,
          minmay_strange_pillars, minmay_diced_spiral, uniq_ijyb

Skill      XL: |  1  2  3  4 |
---------------+-------------+-----
Slings         | 3 4 5 |  5.9
Fighting       | |  1.2
Dodging        | |  2.1
Spellcasting   | |  1.0
Hexes          | |  2.0

Action                   |  1- 3 |  4- 6 || total
-------------------------+-------+-------++-------
Melee: Unarmed           |       |     4 ||     4
       War axe           |       |     2 ||     2
 Fire: Hunting sling     |   148 |    96 ||   244
Throw: Stone             |       |     1 ||     1
  Use: Potion            |       |     4 ||     4
       Scroll            |       |     1 ||     1
Armor: Plate armour      |    26 |    39 ||    65
       Leather armour    |     2 |       ||     2
Dodge: Dodged            |    23 |    11 ||    34

Table legend: (Time is in decaauts)
 A = Elapsed time spent in this place.
 B = Non-inter-level travel time spent in this place.
 C = Inter-level travel time spent in this place.
 D = Time resting spent in this place.
 E = Time spent auto-exploring this place.
 F = Levels seen in this place.
 G = Mean time per level.
                   A        B        C        D        E       F      G
               +--------+--------+--------+--------+--------+-----+--------+
         Total |   2730 |   2650 |     80 |    367 |   1644 |   3 |  910.0 |
       Dungeon |   2730 |   2650 |     80 |    367 |   1644 |   3 |  910.0 |
               +--------+--------+--------+--------+--------+-----+--------+

Top non-repeatable levels by time:
     D:2: 1498 daAuts
     D:1: 1148 daAuts
     D:3: 83 daAuts
